| TOP OF THE 1ST |
|
Atlanta (MID) Braves batting - Pitching for South Bend Cubs : RHP Anastagio Fasola
|
|
Pitching: RHP Anastagio Fasola
|
|
|
Batting: RHB Toki Takeuchi
|
0-0: Ball 1-0: Called Strike 1-1: Ground out 5-3 (Groundball, 56S, EV 73.1 MPH)
|
|
Batting: RHB Badr al Din Ridha
|
0-0: Ball 1-0: Ground out 6-3 (Groundball, 6, EV 90.6 MPH)
|
|
Batting: RHB Zheng-ze King
|
0-0: Called Strike 0-1: Ball 1-1: Called Strike 1-2: Ball 2-2: Strikes out looking
|
| Top of the 1st over - 0 runs, 0 hits, 0 errors, 0 left on base; Atlanta (MID) 0 - South Bend 0 |
| BOTTOM OF THE 1ST |
|
South Bend Cubs batting - Pitching for Atlanta (MID) Braves : LHP Aaron Manees
|
|
Pitching: LHP Aaron Manees
|
|
|
Batting: RHB Andy Huntley
|
0-0: Foul Ball, location: 2F 0-1: Foul Ball, location: 2F 0-2: Fly out, F8 (Flyball, 78M, EV 92.5 MPH)
|
|
Batting: RHB Hugo Torrez
|
0-0: SINGLE (Groundball, 5D, EV 101.9 MPH)
|
|
Batting: RHB Taylor Garofalo
|
0-0: SINGLE (Line Drive, 3D, EV 105.0 MPH) Hugo Torrez to second
|
|
Batting: RHB Roy Battist
|
0-0: Called Strike 0-1: Foul Ball, location: 2F 0-2: Ball 1-2: Fly out, F8 (Flyball, 8LS, EV 91.9 MPH)
|
|
Batting: RHB Han-seung Hah
|
0-0: Ball 1-0: Ball 2-0: Ball 3-0: Fly out, F3 (Popup, 3SF, EV 76.2 MPH)
|
| Bottom of the 1st over - 0 runs, 2 hits, 0 errors, 2 left on base; Atlanta (MID) 0 - South Bend 0 |
| TOP OF THE 2ND |
|
Atlanta (MID) Braves batting - Pitching for South Bend Cubs : RHP Anastagio Fasola
|
|
Batting: SHB Richello Badua
|
0-0: Swinging Strike 0-1: Foul Ball, location: 2F 0-2: Fly out, F3 (Popup, 3SF, EV 70.6 MPH)
|
|
Batting: LHB Oke Monti
|
0-0: Called Strike 0-1: Foul Ball, location: 2F 0-2: Ball 1-2: Ball 2-2: Strikes out looking
|
|
Batting: LHB Ryan Murdock
|
0-0: Called Strike 0-1: Ball 1-1: Foul Ball, location: 2F 1-2: DOUBLE (Line Drive, 7LM, EV 109.4 MPH)
|
|
Batting: RHB Gerard Michel
|
0-0: Ground out 5-3 (Groundball, 5, EV 103.1 MPH)
|
| Top of the 2nd over - 0 runs, 1 hit, 0 errors, 1 left on base; Atlanta (MID) 0 - South Bend 0 |
| BOTTOM OF THE 2ND |
|
South Bend Cubs batting - Pitching for Atlanta (MID) Braves : LHP Aaron Manees
|
|
Batting: RHB Juan Bonilla
|
0-0: Ball 1-0: Fly out, F7 (Flyball, 7, EV 89.4 MPH)
|
|
Batting: RHB Denis Rachin
|
0-0: Ball 1-0: Ball 2-0: Foul Ball, location: 2F 2-1: Fly out, F3 (Popup, 3S, EV 73.1 MPH)
|
|
Batting: LHB Adam Conover
|
0-0: Ball 1-0: Foul Ball, location: 2F 1-1: Ball 2-1: Ball 3-1: SINGLE (Groundball, P, EV 92.5 MPH) (infield hit)
|
|
Batting: LHB Hiroki Yamamoto
|
0-0: Ground out 4-3 (Groundball, 4, EV 101.9 MPH)
|
| Bottom of the 2nd over - 0 runs, 1 hit, 0 errors, 1 left on base; Atlanta (MID) 0 - South Bend 0 |
| TOP OF THE 3RD |
|
Atlanta (MID) Braves batting - Pitching for South Bend Cubs : RHP Anastagio Fasola
|
|
Batting: LHB Andres Aldape
|
0-0: Ball 1-0: Ground out U3 (Groundball, 3L, EV 87.5 MPH)
|
|
Batting: LHB Joe Phillips
|
0-0: Foul Ball, location: 2F 0-1: Ball 1-1: Ball 2-1: Foul Ball, location: 2F 2-2: Ball 3-2: Ground out 5-3 (Groundball, 5, EV 77.5 MPH)
|
|
Batting: RHB Toki Takeuchi
|
0-0: Called Strike 0-1: Swinging Strike 0-2: Strikes out swinging
|
| Top of the 3rd over - 0 runs, 0 hits, 0 errors, 0 left on base; Atlanta (MID) 0 - South Bend 0 |
| BOTTOM OF THE 3RD |
|
South Bend Cubs batting - Pitching for Atlanta (MID) Braves : LHP Aaron Manees
|
|
Batting: RHB Andy Huntley
|
0-0: Ball 1-0: Foul Ball, location: 2F 1-1: Foul Ball, location: 2F 1-2: Ball 2-2: Ball 3-2: Strikes out swinging
|
|
Batting: RHB Hugo Torrez
|
0-0: Ground out 4-3 (Groundball, 34, EV 81.9 MPH)
|
|
Batting: RHB Taylor Garofalo
|
0-0: Ground out 1-3 (Groundball, 13S, EV 75.6 MPH)
|
| Bottom of the 3rd over - 0 runs, 0 hits, 0 errors, 0 left on base; Atlanta (MID) 0 - South Bend 0 |
| TOP OF THE 4TH |
|
Atlanta (MID) Braves batting - Pitching for South Bend Cubs : RHP Anastagio Fasola
|
|
Batting: RHB Badr al Din Ridha
|
0-0: Swinging Strike 0-1: Called Strike 0-2: Foul Ball, location: 2F 0-2: Foul Ball, location: 2F 0-2: Hit by Pitch
|
|
Batting: RHB Zheng-ze King
|
0-0: Ball 1-0: SINGLE (Line Drive, 7S, EV 100.0 MPH) Badr al Din Ridha to second
|
|
Batting: SHB Richello Badua
|
0-0: Called Strike 0-1: Foul Ball, location: 2F 0-2: Ball 1-2: DOUBLE (Line Drive, 89XD, EV 108.8 MPH) Badr al Din Ridha scores Zheng-ze King to third Runner from 3rd tries for Home, SAFE, throw by RF to trailing runner, SAFE at third!
|
|
Batting: LHB Oke Monti
|
0-0: Ball 1-0: Swinging Strike 1-1: Called Strike 1-2: 2-RUN HOME RUN (Flyball, 89XD, EV 112.5 MPH), Distance : 425 ft
|
|
Batting: LHB Ryan Murdock
|
0-0: Ball 1-0: Called Strike 1-1: Ground out U3 (Groundball, 3, EV 89.4 MPH)
|
|
Batting: RHB Gerard Michel
|
0-0: Called Strike 0-1: Ball 1-1: Called Strike 1-2: Strikes out swinging
|
|
Batting: LHB Andres Aldape
|
0-0: Foul Ball, location: 2F 0-1: Swinging Strike 0-2: Strikes out swinging passed ball, reaches first!
|
|
Batting: LHB Joe Phillips
|
0-0: Called Strike 0-1: Ground out 4-3 (Groundball, 34, EV 88.8 MPH)
|
| Top of the 4th over - 4 runs, 3 hits, 0 errors, 1 left on base; Atlanta (MID) 4 - South Bend 0 |
| BOTTOM OF THE 4TH |
|
South Bend Cubs batting - Pitching for Atlanta (MID) Braves : LHP Aaron Manees
|
|
Batting: RHB Roy Battist
|
0-0: Foul Ball, location: 2F 0-1: Ball 1-1: Foul Ball, location: 2F 1-2: SINGLE (Line Drive, 89S, EV 111.2 MPH)
|
|
Batting: RHB Han-seung Hah
|
0-0: Ball 1-0: Ball 2-0: Called Strike 2-1: Fly out, F3 (Popup, 3S, EV 88.8 MPH)
|
|
Batting: RHB Juan Bonilla
|
0-0: Ball 1-0: Ball 2-0: DOUBLE (Flyball, 78D, EV 99.4 MPH) Roy Battist to third
|
|
Batting: RHB Denis Rachin
|
0-0: Ball 1-0: Ball 2-0: Ground out 5-3 (Groundball, 56S, EV 86.2 MPH) Roy Battist scores
|
|
Batting: LHB Adam Conover
|
0-0: Ball 1-0: Swinging Strike 1-1: Swinging Strike 1-2: Strikes out swinging
|
| Bottom of the 4th over - 1 run, 2 hits, 0 errors, 1 left on base; Atlanta (MID) 4 - South Bend 1 |
| TOP OF THE 5TH |
|
Atlanta (MID) Braves batting - Pitching for South Bend Cubs : RHP Anastagio Fasola
|
|
Batting: RHB Toki Takeuchi
|
0-0: Foul Ball, location: 2F 0-1: Ball 1-1: Ball 2-1: Foul Ball, location: 2F 2-2: SINGLE (Groundball, 56, EV 106.2 MPH) (infield hit)
|
|
Batting: RHB Badr al Din Ridha
|
0-0: Ball Passed Ball! Toki Takeuchi to second 1-0: Ball 2-0: Ball 3-0: Base on Balls
|
|
Batting: RHB Zheng-ze King
|
0-0: Ball 1-0: Called Strike 1-1: Fielders Choice at 2nd, 4-6 (Groundball, 4, EV 80.6 MPH) Toki Takeuchi to third
|
|
Batting: SHB Richello Badua
|
0-0: Ball 1-0: Ball 2-0: Ball 3-0: Called Strike 3-1: Base on Balls Zheng-ze King to second
|
|
Batting: LHB Oke Monti
|
0-0: Called Strike 0-1: Ball 1-1: Foul Ball, location: 2F 1-2: Foul Ball, location: 2F 1-2: Strikes out swinging
|
|
Pitching: LHP Alex Gandarilla
|
|
|
Batting: LHB Ryan Murdock
|
0-0: Foul Ball, location: 2F 0-1: Foul Ball, location: 2F 0-2: Strikes out looking
|
| Top of the 5th over - 0 runs, 1 hit, 0 errors, 3 left on base; Atlanta (MID) 4 - South Bend 1 |
| BOTTOM OF THE 5TH |
|
South Bend Cubs batting - Pitching for Atlanta (MID) Braves : LHP Aaron Manees
|
|
Batting: LHB Hiroki Yamamoto
|
0-0: Called Strike 0-1: Called Strike 0-2: Ground out U3 (Groundball, 34, EV 84.4 MPH)
|
|
Batting: RHB Andy Huntley
|
0-0: Called Strike 0-1: Ball 1-1: Called Strike 1-2: Fly out, F4 (Line Drive, 4MD, EV 73.1 MPH)
|
|
Batting: RHB Hugo Torrez
|
0-0: Called Strike 0-1: Ball 1-1: Ground out 5-3 (Groundball, 5, EV 105.6 MPH)
|
| Bottom of the 5th over - 0 runs, 0 hits, 0 errors, 0 left on base; Atlanta (MID) 4 - South Bend 1 |
| TOP OF THE 6TH |
|
Atlanta (MID) Braves batting - Pitching for South Bend Cubs : LHP Alex Gandarilla
|
|
Batting: RHB Gerard Michel
|
0-0: Ball 1-0: Ground out 6-3 (Groundball, 6, EV 101.2 MPH)
|
|
Batting: LHB Andres Aldape
|
0-0: Fly out, F8 (Flyball, 8LD, EV 86.9 MPH)
|
|
Batting: LHB Joe Phillips
|
0-0: Ball 1-0: Ball 2-0: Ground out U3 (Groundball, 3L, EV 91.9 MPH)
|
| Top of the 6th over - 0 runs, 0 hits, 0 errors, 0 left on base; Atlanta (MID) 4 - South Bend 1 |
| BOTTOM OF THE 6TH |
|
South Bend Cubs batting - Pitching for Atlanta (MID) Braves : LHP Aaron Manees
|
|
Batting: RHB Taylor Garofalo
|
0-0: Reached on error, E4 (Groundball, 34, EV 109.4 MPH)
|
|
Batting: RHB Roy Battist
|
0-0: Ball 1-0: Foul Ball, location: 2F 1-1: Ball 2-1: Ball 3-1: SINGLE (Groundball, 56S, EV 93.8 MPH) Taylor Garofalo to second
|
|
Batting: RHB Han-seung Hah
|
0-0: Called Strike 0-1: Foul Ball, location: 2F 0-2: Ball 1-2: Foul Ball, location: 2F 1-2: Ground out 6-3 (Groundball, 6M, EV 88.8 MPH) Taylor Garofalo to third Roy Battist to second
|
|
Batting: RHB Juan Bonilla
|
0-0: Ball 1-0: Foul Ball, location: 2F 1-1: Called Strike 1-2: Foul Ball, location: 2F 1-2: Ball 2-2: Ground out 3-1 (Groundball, 34, EV 89.4 MPH) Taylor Garofalo scores Roy Battist to third
|
|
Batting: RHB Denis Rachin
|
0-0: Called Strike 0-1: Ball 1-1: Fly out, F8 (Flyball, 8LS, EV 85.6 MPH)
|
| Bottom of the 6th over - 1 run, 1 hit, 1 error, 1 left on base; Atlanta (MID) 4 - South Bend 2 |
| TOP OF THE 7TH |
|
Atlanta (MID) Braves batting - Pitching for South Bend Cubs : LHP Alex Gandarilla
|
|
Batting: RHB Toki Takeuchi
|
0-0: Called Strike 0-1: Ball 1-1: SINGLE (Line Drive, 8LS, EV 110.0 MPH)
|
|
Batting: RHB Badr al Din Ridha
|
0-0: Bunted foul 0-1: Bunted foul 0-2: Ball Toki Takeuchi is caught stealing 2nd base 2-4 1-2: Ground out 6-3 (Groundball, 6, EV 84.4 MPH)
|
|
Batting: RHB Zheng-ze King
|
0-0: Swinging Strike 0-1: Called Strike 0-2: Foul Ball, location: 2F 0-2: Ball 1-2: Ball 2-2: Strikes out swinging
|
| Top of the 7th over - 0 runs, 1 hit, 0 errors, 0 left on base; Atlanta (MID) 4 - South Bend 2 |
| BOTTOM OF THE 7TH |
|
South Bend Cubs batting - Pitching for Atlanta (MID) Braves : LHP Aaron Manees
|
|
Batting: LHB Adam Conover
|
0-0: Called Strike 0-1: Ground out 6-3 (Groundball, 6, EV 86.2 MPH)
|
|
Pinch Hitting: RHB Ryan Bush
|
0-0: Ball 1-0: Foul Ball, location: 2F 1-1: Called Strike 1-2: Ball 2-2: Ball 3-2: Foul Ball, location: 2F 3-2: SINGLE (Groundball, 4MD, EV 95.0 MPH)
|
|
Batting: RHB Andy Huntley
|
0-0: Called Strike 0-1: Ball 1-1: Ball 2-1: Called Strike 2-2: Ball 3-2: Base on Balls Ryan Bush to second
|
|
Batting: RHB Hugo Torrez
|
0-0: Ball 1-0: Ball 2-0: Foul Ball, location: 2F 2-1: Grounds into double play, 5-4-3 (Groundball, 56, EV 107.5 MPH)
|
| Bottom of the 7th over - 0 runs, 1 hit, 0 errors, 1 left on base; Atlanta (MID) 4 - South Bend 2 |
| TOP OF THE 8TH |
|
Atlanta (MID) Braves batting - Pitching for South Bend Cubs : LHP Alex Gandarilla
|
|
Pitching: RHP Eric Allen
|
|
|
Now at 2B: Ryan Bush
|
|
|
Batting: SHB Richello Badua
|
0-0: Called Strike 0-1: Foul Ball, location: 2F 0-2: Ball 1-2: Ball 2-2: Strikes out swinging
|
|
Batting: LHB Oke Monti
|
0-0: Swinging Strike 0-1: Foul Ball, location: 2F 0-2: Ball 1-2: Foul Ball, location: 2F 1-2: Strikes out looking
|
|
Batting: LHB Ryan Murdock
|
0-0: Called Strike 0-1: Swinging Strike 0-2: Ball 1-2: Strikes out swinging
|
| Top of the 8th over - 0 runs, 0 hits, 0 errors, 0 left on base; Atlanta (MID) 4 - South Bend 2 |
| BOTTOM OF THE 8TH |
|
South Bend Cubs batting - Pitching for Atlanta (MID) Braves : LHP Aaron Manees
|
|
Pitching: RHP Justin Collins
|
|
|
Now in LF: George Provance
|
|
|
Batting: RHB Taylor Garofalo
|
0-0: Ground out 6-3 (Groundball, 56, EV 80.6 MPH)
|
|
Batting: RHB Roy Battist
|
0-0: Swinging Strike 0-1: Ball 1-1: Ball 2-1: Fly out, F9 (Flyball, 9LS, EV 92.5 MPH)
|
|
Batting: RHB Han-seung Hah
|
0-0: Called Strike 0-1: Hit by Pitch
|
|
Batting: RHB Juan Bonilla
|
0-0: Ball 1-0: Called Strike 1-1: SINGLE (Groundball, 6D, EV 95.0 MPH) Han-seung Hah to second
|
|
Pinch Hitting: LHB Kwang-chih Men
|
0-0: Called Strike 0-1: Ball 1-1: SINGLE (Groundball, 6MD, EV 97.5 MPH) Han-seung Hah to third Juan Bonilla to second Runner from 3rd tries for Home, SAFE, throw by CF to home
|
|
Pitching: LHP Darius Brown
|
|
|
Pinch Hitting: RHB Puluke Konane
|
0-0: Fielders Choice at 2nd, 6-4 (Groundball, 6, EV 86.2 MPH)
|
| Bottom of the 8th over - 1 run, 2 hits, 0 errors, 2 left on base; Atlanta (MID) 4 - South Bend 3 |
| TOP OF THE 9TH |
|
Atlanta (MID) Braves batting - Pitching for South Bend Cubs : RHP Eric Allen
|
|
Pitching: RHP Jose Mata
|
|
|
Now at C: Josh Burns
|
|
|
Now at 2B: Kwang-chih Men
|
|
|
Now at 3B: Ryan Bush
|
|
|
Batting: RHB Gerard Michel
|
0-0: Ball 1-0: Ball 2-0: Ball 3-0: Called Strike 3-1: SINGLE (Groundball, 56D, EV 101.2 MPH)
|
|
Batting: LHB Andres Aldape
|
0-0: Grounds into double play, 3-6-3 (Groundball, 34, EV 104.4 MPH)
|
|
Batting: LHB Joe Phillips
|
0-0: Called Strike 0-1: Swinging Strike 0-2: Ball 1-2: Ground out 6-3 (Groundball, 6, EV 93.8 MPH)
|
| Top of the 9th over - 0 runs, 1 hit, 0 errors, 0 left on base; Atlanta (MID) 4 - South Bend 3 |
| BOTTOM OF THE 9TH |
|
South Bend Cubs batting - Pitching for Atlanta (MID) Braves : LHP Darius Brown
|
|
Pitching: LHP Justin Hawk
|
|
|
Batting: RHB Ryan Bush
|
0-0: SINGLE (Line Drive, 34D, EV 97.5 MPH)
|
|
Batting: RHB Andy Huntley
|
0-0: Ball 1-0: Called Strike 1-1: Swinging Strike 1-2: Strikes out swinging
|
|
Batting: RHB Hugo Torrez
|
0-0: Called Strike 0-1: Ball 1-1: Swinging Strike 1-2: Foul Ball, location: 2F 1-2: Foul Ball, location: 2F 1-2: Fly out, F7 (Flyball, 78S, EV 91.9 MPH)
|
|
Batting: RHB Taylor Garofalo
|
0-0: Ball 1-0: Ball 2-0: Ground out 6-3 (Groundball, 56S, EV 68.8 MPH)
|
| Bottom of the 9th over - 0 runs, 1 hit, 0 errors, 1 left on base; Atlanta (MID) 4 - South Bend 3 |
|